PIO (24 & UNDER)
CHULA VISTA TACOS @ SASKATOON SMOKIN' GUNS
04/12/2030
 
TOP OF THE 1ST
Chula Vista Tacos batting - Pitching for Saskatoon Smokin' Guns : LHP Ray Karl
Pitching: LHP Ray Karl
Batting: RHB Gonzalo García 0-0: Foul Ball, location: 2F
0-1: Called Strike
0-2: Strikes out looking
Batting: RHB Valentín Saldaña 0-0: Foul Ball, location: 2F
0-1: Ball
1-1: Called Strike
1-2: SINGLE (Groundball, 56S) (infield hit)
Batting: LHB Vernon Hill 0-0: SINGLE (Groundball, 4M) (infield hit)
Valentín Saldaña to second
Batting: RHB Jake Lawrence 0-0: Swinging Strike
0-1: Ball
1-1: Fly out, F9 (Flyball, 89M)
Batting: RHB Francisco Rea 0-0: Ball
1-0: Ball
2-0: Fly out, F4 (Popup, 13)
Top of the 1st over - 0 runs, 2 hits, 0 errors, 2 left on base; Chula Vista 0 - Saskatoon 0
BOTTOM OF THE 1ST
Saskatoon Smokin' Guns batting - Pitching for Chula Vista Tacos : RHP Hoyt Baldwin
Pitching: RHP Hoyt Baldwin
Batting: RHB Júlio Durán 0-0: Ball
1-0: Foul Ball, location: 2F
1-1: Ball
2-1: Ball
3-1: Base on Balls
Batting: RHB António Martínez 0-0: Ball
1-0: SINGLE (Groundball, 3D)
Júlio Durán to second
Runner from 2nd tries for 3rd, SAFE, no throw
Batting: RHB Juan Alvarado 0-0: Foul Ball, location: 2F
0-1: Ball
1-1: Ball
2-1: Called Strike
2-2: Ball
3-2: Base on Balls
António Martínez to second
Batting: LHB José Domínguez 0-0: Ball
1-0: Called Strike
1-1: Swinging Strike
1-2: Ball
2-2: Ball
3-2: Base on Balls
Júlio Durán scores
António Martínez to third
Juan Alvarado to second
Batting: RHB Lyle Johnston 0-0: Ball
1-0: Ball
2-0: Called Strike
2-1: Foul Ball, location: 2F
2-2: Strikes out swinging
Batting: RHB Luis Suárez 0-0: Fly out, F3 (Line Drive, 3S)
Lined into DP, U3 (Line Drive, 3S)
Bottom of the 1st over - 1 run, 1 hit, 0 errors, 2 left on base; Chula Vista 0 - Saskatoon 1
TOP OF THE 2ND
Chula Vista Tacos batting - Pitching for Saskatoon Smokin' Guns : LHP Ray Karl
Batting: RHB Germán Ontiveros 0-0: Called Strike
0-1: Foul Ball, location: 2F
0-2: Fly out, F9 (Flyball, 9S)
Batting: RHB Nelson Wright 0-0: Called Strike
0-1: Foul Ball, location: 2F
0-2: Ball
1-2: Foul Ball, location: 2F
1-2: Ball
2-2: Ground out 3-1 (Groundball, 3S)
Batting: SHB Tony Varela 0-0: Fly out, F7 (Flyball, 78M)
Top of the 2nd over - 0 runs, 0 hits, 0 errors, 0 left on base; Chula Vista 0 - Saskatoon 1
BOTTOM OF THE 2ND
Saskatoon Smokin' Guns batting - Pitching for Chula Vista Tacos : RHP Hoyt Baldwin
Batting: RHB Mike Ratzlaff 0-0: Ball
1-0: Called Strike
1-1: Called Strike
1-2: Foul Ball, location: 2F
1-2: Foul Ball, location: 2F
1-2: Ball
2-2: Ball
3-2: Strikes out looking
Batting: RHB Artie Turner 0-0: Called Strike
0-1: Ground out 6-3 (Groundball, 6)
Batting: SHB Mathew Olson 0-0: Ball
1-0: Foul Ball, location: 2F
1-1: Foul Ball, location: 2F
1-2: Strikes out swinging
Bottom of the 2nd over - 0 runs, 0 hits, 0 errors, 0 left on base; Chula Vista 0 - Saskatoon 1
TOP OF THE 3RD
Chula Vista Tacos batting - Pitching for Saskatoon Smokin' Guns : LHP Ray Karl
Batting: RHB Dan Salazar 0-0: Called Strike
0-1: Foul Ball, location: 2F
0-2: Strikes out swinging
Batting: RHB Gonzalo García 0-0: Ball
1-0: Ground out 6-3 (Groundball, 6)
Batting: RHB Valentín Saldaña 0-0: Ball
1-0: Fly out, F9 (Flyball, 89D)
Top of the 3rd over - 0 runs, 0 hits, 0 errors, 0 left on base; Chula Vista 0 - Saskatoon 1
BOTTOM OF THE 3RD
Saskatoon Smokin' Guns batting - Pitching for Chula Vista Tacos : RHP Hoyt Baldwin
Batting: RHB Júlio Durán 0-0: Ball
1-0: Ball
2-0: Ball
3-0: Swinging Strike
3-1: Foul Ball, location: 2F
3-2: Strikes out swinging
Batting: RHB António Martínez 0-0: Called Strike
0-1: SINGLE (Groundball, 34D)
Batting: RHB Juan Alvarado 0-0: Ball
1-0: Fielders Choice at 2nd, 5-4 (Groundball, 56)
Pitching: RHP Ron Davis
Batting: LHB José Domínguez 0-0: Ball
Juan Alvarado steals 2nd base
1-0: Swinging Strike
1-1: Ball
2-1: Ball
3-1: Ground out U3 (Groundball, 3L)
Bottom of the 3rd over - 0 runs, 1 hit, 0 errors, 1 left on base; Chula Vista 0 - Saskatoon 1
TOP OF THE 4TH
Chula Vista Tacos batting - Pitching for Saskatoon Smokin' Guns : LHP Ray Karl
Batting: LHB Vernon Hill 0-0: Ball
1-0: Swinging Strike
1-1: Foul Ball, location: 2F
1-2: SINGLE (Line Drive, 8LS)
Batting: RHB Jake Lawrence Pickoff Throw to First - Error! E1
Vernon Hill to second
0-0: Ground out 5-3 (Groundball, 56)
Batting: RHB Francisco Rea 0-0: Called Strike
0-1: Called Strike
Vernon Hill is caught stealing 3rd base
0-2: Ball
1-2: Ball
2-2: Foul Ball, location: 2F
2-2: Strikes out swinging
Top of the 4th over - 0 runs, 1 hit, 1 error, 0 left on base; Chula Vista 0 - Saskatoon 1
BOTTOM OF THE 4TH
Saskatoon Smokin' Guns batting - Pitching for Chula Vista Tacos : RHP Ron Davis
Batting: RHB Lyle Johnston 0-0: Called Strike
0-1: Ball
1-1: Ground out 1-3 (Groundball, 13)
Batting: RHB Luis Suárez 0-0: Called Strike
0-1: Ball
1-1: Fly out, F3 (Line Drive, 3)
Batting: RHB Mike Ratzlaff 0-0: Ball
1-0: Called Strike
1-1: Foul Ball, location: 2F
1-2: Fly out, F9 (Line Drive, 89S)
Bottom of the 4th over - 0 runs, 0 hits, 0 errors, 0 left on base; Chula Vista 0 - Saskatoon 1
TOP OF THE 5TH
Chula Vista Tacos batting - Pitching for Saskatoon Smokin' Guns : LHP Ray Karl
Batting: RHB Germán Ontiveros 0-0: Ball
1-0: Called Strike
1-1: Called Strike
1-2: Ground out 6-3 (Groundball, 6M)
Batting: RHB Nelson Wright 0-0: Called Strike
0-1: Ball
1-1: Ground out 5-3 (Groundball, 56)
Batting: SHB Tony Varela 0-0: Ball
1-0: Ground out 5-3 (Groundball, 56S)
Top of the 5th over - 0 runs, 0 hits, 0 errors, 0 left on base; Chula Vista 0 - Saskatoon 1
BOTTOM OF THE 5TH
Saskatoon Smokin' Guns batting - Pitching for Chula Vista Tacos : RHP Ron Davis
Batting: RHB Artie Turner 0-0: Ball
1-0: Ball
2-0: Ball
3-0: Called Strike
3-1: Foul Ball, location: 2F
3-2: Base on Balls
Batting: SHB Mathew Olson 0-0: Called Strike
0-1: DOUBLE (Flyball, 8RXD)
Artie Turner to third
Runner from 3rd tries for Home, SAFE, no throw
Batting: RHB Júlio Durán 0-0: Swinging Strike
0-1: Ball
1-1: Swinging Strike
1-2: Ball
2-2: Ball
3-2: Strikes out swinging
Batting: RHB António Martínez 0-0: Called Strike
0-1: Ball
1-1: Fly out, F9 (Line Drive, 9)
Batting: RHB Juan Alvarado 0-0: Foul Ball, location: 2F
0-1: 2-RUN HOME RUN (Flyball, 7LD), Distance : 392 ft
Batting: LHB José Domínguez 0-0: Ball
1-0: Ball
2-0: Swinging Strike
2-1: Foul Ball, location: 2F
2-2: Strikes out swinging
Bottom of the 5th over - 3 runs, 2 hits, 0 errors, 0 left on base; Chula Vista 0 - Saskatoon 4
TOP OF THE 6TH
Chula Vista Tacos batting - Pitching for Saskatoon Smokin' Guns : LHP Ray Karl
Batting: RHB Dan Salazar 0-0: Ball
1-0: Foul Ball, location: 2F
1-1: Ball
2-1: Swinging Strike
2-2: DOUBLE (Flyball, 78D)
Batting: RHB Gonzalo García 0-0: Foul Ball, location: 2F
0-1: Foul Ball, location: 2F
0-2: Ball
1-2: Ball
2-2: Foul Ball, location: 2F
2-2: SINGLE (Line Drive, 4D)
Dan Salazar to third
Runner from 3rd tries for Home, SAFE, no throw
Batting: RHB Valentín Saldaña 0-0: Called Strike
0-1: SINGLE (Line Drive, 9S)
Gonzalo García to second
Batting: LHB Vernon Hill 0-0: Swinging Strike
0-1: Called Strike
0-2: Fly out, F8 (Flyball, 8RXD)
Runner from 2nd tags up, SAFE at 3rd, no throw
Batting: RHB Jake Lawrence 0-0: Called Strike
0-1: Fly out, F8 (Flyball, 8RXD)
Runner from 3rd tags up, SCORES, no throw
Batting: RHB Francisco Rea 0-0: Ball
1-0: Called Strike
1-1: Ball
2-1: Ball
3-1: Base on Balls
Valentín Saldaña to second
Batting: RHB Germán Ontiveros 0-0: Called Strike
0-1: Ball
1-1: Foul Ball, location: 2F
1-2: Ball
2-2: Strikes out swinging
Top of the 6th over - 2 runs, 3 hits, 0 errors, 2 left on base; Chula Vista 2 - Saskatoon 4
BOTTOM OF THE 6TH
Saskatoon Smokin' Guns batting - Pitching for Chula Vista Tacos : RHP Ron Davis
Pitching: RHP Keith Anderson
Batting: RHB Lyle Johnston 0-0: Fly out, F9 (Flyball, 9S)
Batting: RHB Luis Suárez 0-0: Foul Ball, location: 2F
0-1: Called Strike
0-2: Foul Ball, location: 2F
0-2: Ball
1-2: Ball
2-2: Ball
3-2: Base on Balls
Batting: RHB Mike Ratzlaff 0-0: Ball
1-0: Ball
2-0: Ball
3-0: Base on Balls
Luis Suárez to second
Batting: RHB Artie Turner 0-0: Ball
1-0: Ball
Luis Suárez steals 3rd base
2-0: Ball
3-0: Base on Balls
Mike Ratzlaff to second
Batting: SHB Mathew Olson 0-0: Ball
1-0: Foul Ball, location: 2F
1-1: Called Strike
1-2: Strikes out swinging
Batting: RHB Júlio Durán 0-0: Foul Ball, location: 2F
0-1: Foul Ball, location: 2F
0-2: Strikes out swinging
Bottom of the 6th over - 0 runs, 0 hits, 0 errors, 3 left on base; Chula Vista 2 - Saskatoon 4
TOP OF THE 7TH
Chula Vista Tacos batting - Pitching for Saskatoon Smokin' Guns : LHP Ray Karl
Batting: RHB Nelson Wright 0-0: Ball
1-0: Swinging Strike
1-1: Foul Ball, location: 2F
1-2: Foul Ball, location: 2F
1-2: Strikes out looking
Batting: SHB Tony Varela 0-0: Ball
1-0: Ball
2-0: Ball
3-0: Base on Balls
Batting: RHB Dan Salazar 0-0: Ball
1-0: Called Strike
1-1: Fly out, F9 (Flyball, 9S)
Batting: RHB Gonzalo García 0-0: Called Strike
0-1: 2-RUN HOME RUN (Flyball, 7D), Distance : 419 ft
Batting: RHB Valentín Saldaña 0-0: Called Strike
0-1: Foul Ball, location: 2F
0-2: Ball
1-2: Ball
2-2: Ball
3-2: Foul Ball, location: 2F
3-2: Base on Balls
Pitching: RHP Jorge Valentín
Batting: LHB Vernon Hill 0-0: Ball
1-0: Foul Ball, location: 2F
1-1: Foul Ball, location: 2F
1-2: Fly out, F9 (Flyball, 9S)
Top of the 7th over - 2 runs, 1 hit, 0 errors, 1 left on base; Chula Vista 4 - Saskatoon 4
BOTTOM OF THE 7TH
Saskatoon Smokin' Guns batting - Pitching for Chula Vista Tacos : RHP Keith Anderson
Batting: RHB António Martínez 0-0: Called Strike
0-1: Ground out 1-3 (Groundball, 13)
Batting: RHB Juan Alvarado 0-0: Ball
1-0: Ball
2-0: Ball
3-0: Called Strike
3-1: Base on Balls
Pitching: LHP Alonso Parrish
Batting: LHB José Domínguez 0-0: Ball
1-0: Called Strike
1-1: Ball
2-1: Called Strike
2-2: Ground out 6-3 (Groundball, 6)
Juan Alvarado to second
Pitching: RHP Manny Cook
Batting: RHB Lyle Johnston 0-0: Ground out 5-3 (Groundball, 56)
Bottom of the 7th over - 0 runs, 0 hits, 0 errors, 1 left on base; Chula Vista 4 - Saskatoon 4
TOP OF THE 8TH
Chula Vista Tacos batting - Pitching for Saskatoon Smokin' Guns : RHP Jorge Valentín
Batting: RHB Jake Lawrence 0-0: Ball
1-0: Foul Ball, location: 2F
1-1: Fly out, F8 (Flyball, 8LM)
Batting: RHB Francisco Rea 0-0: Ball
1-0: Ball
2-0: Ball
3-0: Called Strike
3-1: Base on Balls
Pitching: RHP José Gabriel
Pinch Runner at 1st Mike Smith:
Batting: RHB Germán Ontiveros 0-0: Fly out, F5 (Popup, 5SF)
Pinch Hitting: RHB Juan García 0-0: Ball
1-0: Called Strike
1-1: Called Strike
1-2: Fly out, F3 (Popup, 3SF)
Top of the 8th over - 0 runs, 0 hits, 0 errors, 1 left on base; Chula Vista 4 - Saskatoon 4
BOTTOM OF THE 8TH
Saskatoon Smokin' Guns batting - Pitching for Chula Vista Tacos : RHP Manny Cook
Now in CF: Jorge Pineda
Pinch Hitting: LHB Ben Donaldson 0-0: Ball
1-0: Fly out, F9 (Flyball, 9D)
Batting: RHB Mike Ratzlaff 0-0: Foul Ball, location: 2F
0-1: Ball
1-1: Foul Ball, location: 2F
1-2: Ball
2-2: Ball
3-2: Strikes out swinging
Batting: RHB Artie Turner 0-0: Swinging Strike
0-1: Called Strike
0-2: Ball
1-2: Strikes out swinging
Bottom of the 8th over - 0 runs, 0 hits, 0 errors, 0 left on base; Chula Vista 4 - Saskatoon 4
TOP OF THE 9TH
Chula Vista Tacos batting - Pitching for Saskatoon Smokin' Guns : RHP José Gabriel
Pitching: RHP Artie Smith
Now in LF: Ben Donaldson
Batting: SHB Tony Varela 0-0: Ball
1-0: Called Strike
1-1: Ball
2-1: Foul Ball, location: 2F
2-2: Foul Ball, location: 2F
2-2: SOLO HOME RUN (Flyball, 9LD), Distance : 350 ft
Batting: RHB Dan Salazar 0-0: Called Strike
0-1: Ball
1-1: Ball
2-1: Called Strike
2-2: Strikes out swinging
Batting: RHB Gonzalo García 0-0: Called Strike
0-1: Foul Ball, location: 2F
0-2: Ball
1-2: Foul Ball, location: 2F
1-2: Ground out 3-1 (Groundball, 34)
Batting: RHB Valentín Saldaña 0-0: Ball
1-0: SINGLE (Flyball, 9S)
Batting: LHB Vernon Hill 0-0: Ball
1-0: Ground out 4-3 (Groundball, 4)
Top of the 9th over - 1 run, 2 hits, 0 errors, 1 left on base; Chula Vista 5 - Saskatoon 4
BOTTOM OF THE 9TH
Saskatoon Smokin' Guns batting - Pitching for Chula Vista Tacos : RHP Manny Cook
Pitching: RHP Pat Hanna
Now at C: Miguel Murillo
Pinch Hitting: LHB Rubén Salazar 0-0: Ball
1-0: Ball
2-0: Fly out, F9 (Line Drive, 9D)
Batting: RHB Júlio Durán 0-0: Ball
1-0: Fly out, F9 (Line Drive, 9)
Batting: RHB António Martínez 0-0: Ball
1-0: Ball
2-0: Ball
3-0: Base on Balls
Batting: RHB Juan Alvarado 0-0: Called Strike
0-1: Ball
1-1: Ball
2-1: Ball
3-1: Foul Ball, location: 2F
3-2: Foul Ball, location: 2F
3-2: Base on Balls
António Martínez to second
Batting: LHB José Domínguez 0-0: Ball
1-0: Ball
2-0: Swinging Strike
2-1: DOUBLE (Flyball, 89D)
António Martínez scores
Juan Alvarado to third
Runner from 3rd tries for Home, SAFE, no throw
Saturday, April 7th, 2018 - OOTP Baseball 18.8 Build 76